 Dungeon Crawl Stone Soup version 0.23.2-40-g277498a001 (webtiles) character file.

Game seed: 4841812907451151122

149 grindst0ne the Fighter (level 5, -1/76 HPs)
             Began as a Gnoll Wanderer on Oct 19, 2019.
             Slain by a river rat (5 damage)
             ... in a sewer.
             The game lasted 00:04:56 (1988 turns).

grindst0ne the Fighter (Gnoll Wanderer)             Turns: 1988, Time: 00:04:57

Health: -1/76      AC: 22    Str: 15    XL:     5   Next: 31%
Magic:  7/7        EV:  2    Int: 15    God:
Gold:   76         SH:  4    Dex: 14    Spells: 6/6 levels left

rFire    . . .     SeeInvis .   b - +0 dagger
rCold    . . .     Gourm    .   j - +0 buckler
rNeg     + + +     Faith    +   (armour currently unavailable)
rPois    +         Spirit   .   (helmet currently unavailable)
rElec    .         Reflect  .   (cloak currently unavailable)
rCorr    .         Harm     .   (gloves currently unavailable)
MR       .....     NoTele   +   (boots currently unavailable)
Stlth    +++.......             h - amulet of faith
HPRegen  0.22/turn              (no ring)
MPRegen  0.10/turn              (no ring)

@: tree-form, hasted, very quick
A: distributed training, strong nose
a: no special abilities


You were in a sewer.
You were not hungry.
You were a tree.
You visited 1 branch of the dungeon, and saw 3 of its levels.
You also visited: Sewer.

You collected 76 gold pieces.

Inventory:

Hand Weapons
 a - a +2 hand crossbow
 b - a +0 dagger (weapon)
 r - a +0 war axe
Missiles
 e - 30 bolts
Armour
 d - a +0 robe (melded)
 j - a +0 buckler (worn)
 o - a +0 pair of boots (melded)
Jewellery
 h - an amulet of faith (around neck)
Scrolls
 k - 4 scrolls of identify {unknown}
 l - a scroll of magic mapping {unknown}
 q - a scroll of noise {unknown}
Potions
 c - a potion of lignification
 g - a potion of invisibility {unknown}
 m - a potion of haste
 n - 2 potions of agility {unknown}
 p - a potion of mutation {unknown}
 s - a potion of might {unknown}
 t - a potion of curing {unknown}
Comestibles
 f - 2 rations
 i - a chunk of flesh


   Skills:
 + Level 8.6 Fighting
 + Level 1.4 Short Blades
 + Level 1.4 Long Blades
 + Level 1.4 Axes
 + Level 1.4 Maces & Flails
 + Level 1.4 Polearms
 + Level 1.4 Staves
 + Level 1.4 Slings
 + Level 1.4 Bows
 + Level 2.9 Crossbows
 + Level 1.4 Throwing
 + Level 4.7 Armour
 + Level 1.4 Dodging
 + Level 6.1 Stealth
 + Level 1.4 Shields
 + Level 1.4 Unarmed Combat
 + Level 1.4 Spellcasting
 + Level 1.1 Conjurations
 + Level 1.1 Hexes
 + Level 1.1 Charms
 + Level 1.1 Summonings
 + Level 1.1 Necromancy
 + Level 1.1 Translocations
 + Level 1.1 Transmutations
 + Level 1.1 Fire Magic
 + Level 1.1 Ice Magic
 + Level 1.1 Air Magic
 + Level 1.1 Earth Magic
 + Level 1.1 Poison Magic
 + Level 1.6 Invocations
 + Level 1.4 Evocations


You had 6 spell levels left.
You didn't know any spells.
Your spell library was empty.

Dungeon Overview and Level Annotations

Branches:
Dungeon (3/15)

Altars:


Innate Abilities, Weirdness & Mutations

Your experience applies equally to all skills.
((You have very sharp teeth.))
Your uncanny sense of smell can sniff out nearby items.


Message History

The river rat bites you.
* * * LOW HITPOINT WARNING * * *
You completely miss the river rat.
The river rat is almost dead.
The river rat closely misses you.
You hit the river rat but do no damage.
The river rat is almost dead.
The river rat barely misses you.
You barely miss the river rat.
The river rat is almost dead.
The river rat bites you!
* * * LOW HITPOINT WARNING * * *
Really quaff the potion of lignification?
You turn into a tree.
Your +0 pair of boots melds into your body.
Your +0 robe melds into your body.
Your roots penetrate the ground.
The river rat bites you but does no damage.
The river rat twitches its whiskers.
It was a potion of haste.
You feel yourself speed up. The river rat bites you.
You die...

≈≈≈≈≈..........≈≈≈≈≈≈≈≈≈≈≈
≈≈≈≈≈≈≈............≈..≈≈≈≈
≈.≈.......................
....................†.....
........rr.........##.....
.........##.......#####...
#......#####..##...######.
##.r.## ###r.#####..∩# ##
### #♣rr## ##### #####


You could see 2 river rats and a rat.

Vanquished Creatures
  A gnoll (D:1)
  7 adders (D:2)
  A river rat (Sewer)
  2 worms (D:2)
  2 dart slugs
  3 leopard geckos
  2 giant cockroaches
  2 goblins
  5 hobgoblins
  2 jackals (D:1)
  7 kobolds
  A quokka (D:2)
  3 ball pythons (D:3)
  8 bats
  6 frilled lizards
  9 rats
61 creatures vanquished.

Notes
Turn   | Place    | Note
-------+----------+-------------------------------------------
     0 | D:1      | grindst0ne the Gnoll Wanderer began the quest for the Orb.
     0 | D:1      | grindst0ne set off with the following items: a +2 hand
                  | crossbow, 30 bolts, 2 potions of lignification, a +0 robe,
                  | a +0 dagger, a ration
     0 | D:1      | Reached XP level 1. HP: 26/26 MP: 1/1
    64 | D:1      | Reached XP level 2. HP: 33/33 MP: 2/2
   332 | D:1      | Reached XP level 3. HP: 38/38 MP: 3/3
   984 | D:2      | Reached skill level 1 in Invocations
  1088 | D:2      | Reached skill level 1 in Short Blades
  1088 | D:2      | Reached skill level 1 in Long Blades
  1088 | D:2      | Reached skill level 1 in Axes
  1088 | D:2      | Reached skill level 1 in Maces & Flails
  1088 | D:2      | Reached skill level 1 in Polearms
  1088 | D:2      | Reached skill level 1 in Staves
  1088 | D:2      | Reached skill level 1 in Slings
  1088 | D:2      | Reached skill level 1 in Bows
  1088 | D:2      | Reached skill level 1 in Throwing
  1088 | D:2      | Reached skill level 1 in Dodging
  1088 | D:2      | Reached skill level 1 in Shields
  1088 | D:2      | Reached skill level 1 in Unarmed Combat
  1088 | D:2      | Reached skill level 1 in Spellcasting
  1088 | D:2      | Reached skill level 1 in Evocations
  1139 | D:2      | Reached XP level 4. HP: 38/45 MP: 5/5
  1346 | D:2      | Reached skill level 1 in Conjurations
  1346 | D:2      | Reached skill level 1 in Hexes
  1346 | D:2      | Reached skill level 1 in Charms
  1346 | D:2      | Reached skill level 1 in Summonings
  1346 | D:2      | Reached skill level 1 in Necromancy
  1346 | D:2      | Reached skill level 1 in Translocations
  1346 | D:2      | Reached skill level 1 in Transmutations
  1346 | D:2      | Reached skill level 1 in Fire Magic
  1346 | D:2      | Reached skill level 1 in Ice Magic
  1346 | D:2      | Reached skill level 1 in Air Magic
  1346 | D:2      | Reached skill level 1 in Earth Magic
  1346 | D:2      | Reached skill level 1 in Poison Magic
  1544 | D:2      | Reached XP level 5. HP: 51/51 MP: 6/6
  1804 | D:3      | Found a glowing drain.
  1852 | Sewer    | Entered a sewer
  1986 | Sewer    | HP: 2/51 [river rat (10)]
  1988 | Sewer    | Slain by a river rat

Skill      XL: |  1  2  3  4 |
---------------+-------------+-----
Stealth        | 6 |  6.1
Invocations    | 1 |  1.6
Short Blades   | 1 |  1.4
Long Blades    | 1 |  1.4
Axes           | 1 |  1.4
Maces & Flails | 1 |  1.4
Polearms       | 1 |  1.4
Staves         | 1 |  1.4
Slings         | 1 |  1.4
Bows           | 1 |  1.4
Throwing       | 1 |  1.4
Dodging        | 1 |  1.4
Shields        | 1 |  1.4
Unarmed Combat | 1 |  1.4
Spellcasting   | 1 |  1.4
Evocations     | 1 |  1.4
Conjurations   | 1 |  1.1
Hexes          | 1 |  1.1
Charms         | 1 |  1.1
Summonings     | 1 |  1.1
Necromancy     | 1 |  1.1
Translocations | 1 |  1.1
Transmutations | 1 |  1.1
Fire Magic     | 1 |  1.1
Ice Magic      | 1 |  1.1
Air Magic      | 1 |  1.1
Earth Magic    | 1 |  1.1
Poison Magic   | 1 |  1.1
Fighting       | |  8.6
Crossbows      | |  2.9
Armour         | |  4.7

Action                   |  1- 3 |  4- 6 || total
-------------------------+-------+-------++-------
Melee: Dagger            |    22 |    69 ||    91
       Bite              |     1 |     6 ||     7
 Fire: Hand crossbow     |    41 |    40 ||    81
  Use: Potion            |       |     2 ||     2
 Stab: Sleeping          |       |     3 ||     3
  Eat: Chunk             |     1 |     2 ||     3
Armor: Robe              |     4 |    21 ||    25
       Skin              |       |     1 ||     1
Dodge: Dodged            |    12 |    51 ||    63
Block: Buckler           |       |    23 ||    23
